Map: Frozen Temple

Players

Drager

  • Race: Protoss Protoss
  • League: Master

Stephano - Winner!

  • Race: Zerg Zerg
  • League: Master

VOD

https://www.youtube.com/channel/UCcSgNfDNxvyisU-eCj9xyNg/playlists

Description

Time

  • Played on: Aug. 28, 2016, 3:35 a.m.
  • Length: 16:47
Show
View Real Time Build Order
Export as new Build Order

Drager Protoss 

Build Orders:  

Get SALT Encoding   

  12  0:01  Probe (Chrono Boost)  
  13  0:11  Probe (Chrono Boost)  
  14  0:17  Pylon  
  14  0:22  Probe (Chrono Boost)  
  15  0:36  Probe (Chrono Boost)  
  15  0:38  Gateway  
  16  0:46  Probe (Chrono Boost)  
  17  0:52  Forge  
  17  1:00  Probe (Chrono Boost), Assimilator  
  18  1:11  Probe (Chrono Boost)  
  19  1:21  Probe (Chrono Boost)  
  20  1:27  Zealot, Cybernetics Core  
  22  1:49  Probe (Chrono Boost)  
  23  2:12  Nexus  
  23  2:16  Warp Gate  
  23  2:26  Pylon  
  23  2:30  Assimilator  
  23  2:43  Adept  
  23  2:45  Probe (Chrono Boost)  
  28  2:59  Mothership Core (Chrono Boost)  
  28  3:19  Probe (Chrono Boost)  
  29  3:25  Twilight Council, Probe (Chrono Boost)  
  30  3:31  Probe (Chrono Boost)  
  31  3:36  Probe (Chrono Boost)  
  32  3:43  Probe (Chrono Boost)  
  32  3:45  Pylon  
  32  3:46  Probe (Chrono Boost)  
  34  3:53  Probe (Chrono Boost)  
  34  3:54  Pylon  
  35  3:57  Probe (Chrono Boost)  
  35  4:02  Pylon  
  36  4:04  Probe (Chrono Boost)  
  36  4:05  Adept  
  36  4:09  Probe (Chrono Boost)  
  38  4:14  Gateway  
  38  4:16  Probe (Chrono Boost)  
  39  4:18  Gateway  
  39  4:19  Gateway  
  39  4:21  Probe (Chrono Boost), Resonating Glaives  
  40  4:27  Probe (Chrono Boost)  
  41  4:32  Probe (Chrono Boost)  
  41  4:37  Probe (Chrono Boost)  
  43  4:40  Pylon  
  43  4:43  Probe (Chrono Boost)  
  43  4:44  Dark Shrine  
  44  4:48  Adept  
  44  4:50  Probe (Chrono Boost)  
  47  4:52  Pylon  
  47  4:54  Probe (Chrono Boost)  
  47  4:59  Pylon  
  48  5:01  Assimilator  
  48  5:03  Assimilator  
  50  5:07  Probe (Chrono Boost)  
  50  5:08  Probe (Chrono Boost)  
  50  5:16  Adept x3  
  50  5:17  Probe (Chrono Boost)  
  50  5:19  Adept  
  59  5:34  Probe (Chrono Boost)  
  61  5:35  Probe (Chrono Boost)  
  61  5:37  Adept  
  61  5:38  Adept x2  
  61  5:39  Adept  
  69  5:49  Nexus  
  69  5:54  Pylon  
  69  6:05  Dark Templar x3  
  69  6:09  Dark Templar  
  79  6:18  Probe (Chrono Boost)  
  79  6:20  Probe (Chrono Boost)  
  79  6:29  Probe (Chrono Boost)  
  79  6:31  Robotics Facility  
  80  6:36  Probe (Chrono Boost)  
  81  6:43  Sentry x3  
  81  6:44  Stalker  
  85  6:49  Probe (Chrono Boost)  
  86  6:58  Probe (Chrono Boost)  
  83  7:01  Probe x2 (Chrono Boost)  
  84  7:08  Probe (Chrono Boost)  
  84  7:10  Gateway  
  84  7:11  Gateway  
  84  7:12  Probe (Chrono Boost), Sentry x3  
  84  7:13  Probe (Chrono Boost)  
  84  7:14  Stalker, Gateway  
  84  7:15  Gateway  
  92  7:19  Probe (Chrono Boost)  
  92  7:22  Immortal, Probe (Chrono Boost)  
  94  7:24  Pylon  
  94  7:25  Probe (Chrono Boost)  
  99  7:33  Probe x2 (Chrono Boost)  
  99  7:34  Pylon  
  101  7:42  Stalker x3  
  101  7:43  Stalker  
  109  7:54  Probe x2 (Chrono Boost)  
  109  7:56  Pylon  
  109  7:57  Pylon  
  111  7:59  Pylon  
  109  8:06  Warp Prism  
  109  8:08  Stalker x3  
  117  8:16  Probe (Chrono Boost)  
  117  8:17  Probe x2 (Chrono Boost)  
  120  8:29  Stalker  
  123  8:36  Assimilator  
  123  8:37  Pylon  
  123  8:38  Stalker  
  123  8:40  Pylon  
  124  8:42  Pylon  
  124  8:44  Pylon  
  124  8:46  Pylon  
  124  8:47  Pylon  
  124  8:48  Pylon  
  124  8:50  Pylon  
  124  8:51  Pylon  
  124  8:57  Stalker  
  124  8:58  Stalker x4  
  134  9:06  Stalker  
  134  9:07  Stalker x2  
  131  9:26  Stalker x5  
  131  9:40  Stalker x3  
  137  9:47  Probe (Chrono Boost)  
  137  9:48  Probe x2 (Chrono Boost)  
  140  9:58  Stalker x4  
  143  10:03  Probe (Chrono Boost)  
  144  10:09  Stalker x2  
  132  10:16  Adept x2  
  124  10:23  Adept x2  
  124  10:24  Sentry x2  
  132  10:41  Adept x4  
  106  10:52  Stalker x2  
  106  10:53  Stalker  
  106  10:54  Sentry  
  86  11:07  Adept x3  
  86  11:08  Adept  
  94  11:18  Adept x3  
  98  11:28  Adept x3  
  94  11:35  Sentry  
  86  11:40  Adept x3  
  86  11:47  Sentry x2  
  86  12:00  Adept x5  
  82  12:12  Adept x3  
  88  12:20  Adept  
  88  12:21  Sentry  
  90  12:27  Sentry x2  
  94  12:41  Adept x2  
  98  12:48  Sentry x2  
  74  12:58  Adept  
  68  13:06  Sentry x2  
  68  13:07  Sentry  
  72  13:18  Sentry x2  
  76  13:37  Adept x2  
  68  13:43  Sentry  
  70  13:50  Adept  
  70  13:57  Adept  
  66  14:03  Sentry x2  
  64  14:35  Dark Templar  
  64  14:36  Dark Templar  
  61  14:51  Adept  
  61  14:52  Adept x3  
  64  15:15  Dark Templar x2  
  68  15:22  Dark Templar  
  70  15:41  Archon  
  70  15:43  Archon  
  70  15:56  Zealot  
  64  16:00  Adept, Sentry  
Show
View Real Time Build Order
Export as new Build Order

Stephano Zerg - Winner!

Build Orders: Pool First 

Get SALT Encoding   

  12  0:01  Drone  
  13  0:12  Overlord  
  13  0:19  Drone  
  14  0:31  Drone x2  
  14  0:35  Drone  
  17  0:47  Spawning Pool  
  17  0:49  Drone  
  17  0:56  Drone  
  18  1:19  Drone  
  18  1:22  Hatchery  
  18  1:24  Drone  
  19  1:34  Queen  
  21  1:41  Overlord  
  21  1:43  Zergling x2  
  22  1:59  Hatchery  
  21  2:01  Drone  
  23  2:11  Drone x2  
  23  2:14  Queen  
  26  2:23  Extractor  
  25  2:30  Drone  
  25  2:34  Overlord  
  26  2:38  Hatchery  
  25  2:49  Drone x3  
  28  2:52  Drone  
  29  3:07  Drone  
  29  3:11  Drone  
  29  3:12  Queen  
  31  3:13  Queen  
  31  3:18  Zergling x6  
  37  3:22  Zergling x4  
  39  3:27  Zergling x2  
  40  3:37  Zergling x4  
  40  3:38  Metabolic Boost  
  42  3:44  Drone  
  42  3:47  Overlord  
  43  3:57  Drone  
  44  4:05  Drone  
  44  4:06  Drone x2  
  44  4:09  Drone x3  
  49  4:10  Drone  
  50  4:18  Drone x3  
  50  4:20  Extractor  
  50  4:22  Evolution Chamber  
  51  4:26  Drone x4  
  54  4:34  Drone x3  
  54  4:36  Drone  
  58  4:42  Overlord  
  58  4:47  Baneling Nest  
  58  4:48  Roach Warren  
  55  4:57  Overlord x2  
  55  4:59  Drone x2  
  57  5:13  Drone x3  
  60  5:14  Overlord  
  60  5:18  Drone  
  60  5:19  Spore Crawler, Drone  
  61  5:29  Roach  
  61  5:30  Roach x5  
  61  5:34  Overlord x2  
  61  5:35  Lair  
  73  5:37  Zerg Melee Weapons Level 1  
  73  5:41  Roach x4  
  81  5:49  Roach  
  84  5:50  Roach  
  84  5:57  Spine Crawler  
  84  6:00  Roach x2  
  87  6:19  Overlord  
  87  6:23  Zergling x18  
  87  6:24  Zergling x12  
  101  6:34  Hatchery  
  97  6:44  Overseer  
  97  6:47  Roach x2, Drone x2  
  99  6:48  Roach x2  
  99  6:49  Drone x2  
  108  7:13  Hatchery, Overseer, Spine Crawler  
  105  7:24  Evolution Chamber  
  105  7:27  Overlord x3  
  105  7:29  Centrifical Hooks  
  104  7:32  Zergling x6  
  105  7:45  Zerg Melee Weapons Level 2  
  105  7:50  Drone x3  
  105  7:51  Drone x3  
  111  8:00  Hatchery  
  106  8:10  Zerg Ground Armor Level 1  
  102  8:15  Zergling x18  
  109  8:26  Drone x6  
  114  8:34  Extractor  
  113  8:35  Infestation Pit  
  113  8:37  Baneling x4  
  113  8:39  Zergling x14  
  119  8:55  Zergling x2  
  119  8:56  Zergling x14  
  119  8:58  Extractor  
  126  9:09  Ravager x2  
  128  9:10  Zergling x18  
  128  9:11  Zergling x8  
  141  9:17  Spine Crawler x2  
  141  9:21  Spine Crawler  
  135  9:28  Zergling x2  
  135  9:29  Zergling x12  
  115  9:38  Baneling x5  
  115  9:39  Baneling x6  
  115  9:45  Zergling x20  
  115  10:02  Zergling x20  
  115  10:03  Hatchery  
  116  10:11  Zergling x8  
  110  10:17  Zergling x10  
  110  10:21  Queen  
  102  10:27  Baneling x6  
  102  10:28  Baneling x10  
  103  10:29  Zergling x6  
  103  10:30  Zergling x2  
  103  10:31  Zergling x2  
  80  10:52  Zergling x12  
  69  10:58  Roach x6  
  79  11:09  Zergling x10  
  79  11:10  Baneling  
  79  11:11  Baneling x2  
  83  11:12  Baneling  
  83  11:15  Zergling x2  
  82  11:18  Zergling x2  
  82  11:19  Zergling x2  
  60  11:35  Zergling x18  
  62  11:41  Roach x2  
  62  11:46  Roach  
  59  11:55  Zergling x8  
  59  11:56  Zergling x4  
  59  11:58  Zergling x2  
  59  11:59  Zergling x2  
  59  12:05  Zergling x8  
  58  12:11  Zergling x2  
  58  12:12  Zergling x4  
  60  12:19  Zergling x6  
  58  12:25  Baneling  
  58  12:26  Baneling x7  
  58  12:29  Zergling x4  
  50  12:48  Zergling x14  
  50  12:49  Zergling x2  
  49  12:55  Drone  
  49  12:56  Drone  
  40  13:01  Zergling x2  
  40  13:02  Zergling x2  
  32  13:06  Zergling x2  
  32  13:12  Zergling x4  
  31  13:16  Roach  
  31  13:17  Baneling x2  
  33  13:21  Roach  
  33  13:26  Roach x2  
  37  13:38  Zergling x6  
  34  13:45  Zergling x4  
  35  13:54  Zergling x4  
  34  14:00  Zergling x2  
  34  14:01  Zergling x2  
  34  14:06  Zergling x4  
  34  14:09  Queen  
  36  14:24  Zergling x8  
  40  14:45  Queen  
  42  14:46  Roach x3  
  42  14:51  Overseer  
  44  15:00  Zergling x14  
  51  15:23  Drone x3  
  51  15:24  Drone x3  
  57  15:37  Drone x2  
  58  15:53  Roach x5  
  64  16:24  Zergling x12  
Tags
 
Add a new tag
Caveats
  • Supply blocks, unpowered buildings, or Contaminate may cause inaccurate times.
  • Supply counts are checked every 10 seconds.